Devils vs Flyers
(R1)
Created - 4 novembre 2012 at 19:21
Simulating a Pre-Season
Goals
|
| Devils |
0 |
1 |
3 |
4 |
| Flyers |
1 |
0 |
1 |
2 |
|
Shots
|
| Devils |
14 |
8 |
11 |
33 |
| Flyers |
12 |
5 |
15 |
32 |
|
1st period
1. Flyers , Nolan Pratt 1 (Matt Jones, Andrei Kostitsyn) at 16:28
Penalties :
Matt Jones (Phi) for Close Hand On Puck (Minor) at 1:22, Chris Kunitz (NJD) for Holding Stick (Minor) at 14:05
2nd period
2. Devils , Sergei Zubov 2 (Marian Hossa, Dmitri Kalinin) at 16:58
Penalties :
Marian Hossa (NJD) for Roughing (Minor) at 9:27, Miroslav Satan (Phi) for Holding (Minor) at 16:21, Richard Matvichuk (NJD) for Holding (Minor) at 16:21
3rd period
3. Flyers , Miroslav Satan 1 (Simon Gagné, Marc Savard) at 0:16
4. Devils , Sydney Crosby 3 (Dmitri Kalinin) at 4:53
5. Devils , Sydney Crosby 4 (Benoit Pouliot) at 11:31
6. Devils , Benoit Pouliot 1 (Sydney Crosby, Sergei Zubov) at 12:34
Penalties :
Sydney Crosby (NJD) for Interference (Minor) at 0:23, Simon Gagné (Phi) for Hooking (Minor) at 5:06, Chris Kunitz (NJD) for Goalie Interference (Minor) at 13:52, Marc Savard (Phi) for Hooking (Minor) at 17:29
Goalie Stats
Ryan Miller (NJD), 30 saves from 32 shots - (0,938), W, 3-1-0, 60:00 minutes
Jocelyn Thibault (Phi), 29 saves from 33 shots - (0,879), L, 0-1-0, 60:00 minutes
Players Stats for Devils
Player Name G A P +/- PIM S H SB GA TA FO MP PP MP PK MP
------------------------------------------------------------------------------------
Benoit Pouliot 1 1 2 1 0 4 1 0 0 0 1/2 15:29 0:00 0:59
Chris Kunitz 0 0 0 0 4 1 2 0 0 0 0/1 12:32 3:04 0:00
Chris Pronger 0 0 0 -1 0 1 1 2 0 1 0/0 25:07 2:06 2:40
Dmitri Kalinin 0 2 2 4 0 2 1 3 0 3 0/0 21:09 2:06 5:16
Doug Weight 0 0 0 1 0 4 1 1 2 0 10/17 17:32 3:04 4:27
George Parros 0 0 0 0 0 1 0 0 0 0 0/0 7:37 0:02 0:00
Jonathan Ericsson 0 0 0 -1 0 0 0 3 0 0 0/0 17:25 0:00 0:00
Josef Vasicek 0 0 0 0 0 1 1 0 0 0 2/6 9:46 0:02 0:44
Lee Stempniak 0 0 0 0 0 1 2 0 0 1 0/0 11:38 0:00 0:00
Marian Hossa 0 1 1 2 2 2 2 0 0 0 0/1 20:49 2:51 1:38
Olli Jokinen 0 0 0 0 0 0 0 1 1 0 4/11 12:01 0:02 0:00
Peter Prucha 0 0 0 0 0 1 2 0 0 0 0/0 13:42 3:04 1:57
Raffi Torres 0 0 0 0 0 1 0 2 0 0 1/1 7:34 0:00 0:00
Ramzi Abid 0 0 0 0 0 2 0 1 0 0 0/2 20:18 2:51 4:22
Richard Matvichuk 0 0 0 -1 2 1 0 1 0 2 0/0 12:46 0:00 0:00
Roman Hamrlik 0 0 0 -1 0 3 2 1 0 1 0/0 19:17 3:51 2:40
Sergei Zubov 1 1 2 4 0 2 2 0 1 0 0/0 24:08 3:51 5:16
Sydney Crosby 2 1 3 1 2 6 4 0 0 0 14/26 21:10 2:51 1:45
Players Stats for Flyers
Player Name G A P +/- PIM S H SB GA TA FO MP PP MP PK MP
------------------------------------------------------------------------------------
Andrei Kostitsyn 0 1 1 1 0 5 0 0 1 0 0/0 14:03 0:06 1:43
Brad Winchester 0 0 0 0 0 0 0 0 0 0 0/0 0:38 0:00 0:35
Brian Campbell 0 0 0 0 0 1 2 1 0 0 0/0 28:08 4:33 2:59
Brooks Orpik 0 0 0 -3 0 0 2 1 0 0 0/0 22:08 3:23 2:58
Ed Jovanovski 0 0 0 -3 0 0 0 2 2 1 0/0 22:08 3:23 2:58
Jeff O'Neill 0 0 0 -1 0 2 3 0 0 0 9/12 20:03 3:23 2:01
Kyle Wellwood 0 0 0 1 0 1 2 0 0 1 3/6 14:23 0:06 0:00
Loui Eriksson 0 0 0 0 0 0 0 0 0 0 2/4 7:34 0:00 2:20
Marc Savard 0 1 1 -2 2 2 2 2 1 0 16/35 24:39 4:27 2:01
Marcel Goc 0 0 0 0 0 0 0 0 0 0 4/5 4:24 0:00 0:00
Mark Bell 0 0 0 -1 0 5 1 1 0 0 0/1 16:13 3:23 0:00
Martin Erat 0 0 0 1 0 2 2 0 0 0 0/1 12:23 0:06 0:00
Matt Jones 0 1 1 1 2 1 0 1 0 0 0/0 9:59 0:00 0:00
Miroslav Satan 1 0 1 -1 2 3 3 0 2 0 1/2 19:45 4:27 0:51
Nolan Pratt 1 0 1 1 0 1 0 0 0 0 0/0 9:44 0:00 0:00
Radek Dvorak 0 0 0 -1 0 4 1 0 0 0 0/1 16:13 3:23 0:00
Simon Gagné 0 1 1 -2 2 1 3 1 2 2 0/0 21:27 4:27 2:23
Steve Montador 0 0 0 0 0 4 3 1 0 0 0/0 28:08 4:33 2:59
3 Stars
1 - Sydney Crosby (NJD)
2 - Sergei Zubov (NJD)
3 - Dmitri Kalinin (NJD)
Power Play
Devils - 0 on 3 Attempt(s) - 0,00%
Flyers - 0 on 4 Attempt(s) - 0,00%
Penalty Kill
Devils - 4 on 4 Attempt(s) - 100,00%
- Score 0 goal in Penalty Kill
Flyers - 3 on 3 Attempt(s) - 100,00%
- Score 0 goal in Penalty Kill
Official
Referees : Pollock Kevin and Hasenfratz Mike
Linesman : Darren Gibbs and Andy McElman
Game Notes
0:16 of 3rd period - Flyers goal is going for a video replay. After video review, Goal.
Devils
5 vs 5 Forward
Center Left Wing Right Wing Time % Phy DF OF
1 Sydney Crosby Benoit Pouliot Marian Hossa 40 1 2 2
2 Olli Jokinen Ramzi Abid Lee Stempniak 30 1 2 2
3 Josef Vasicek Chris Kunitz Peter Prucha 20 1 2 2
4 Doug Weight Raffi Torres George Parros 10 1 2 2
5 vs 5 Defense
Defense Defense Time % Phy DF OF
1 Chris Pronger Jonathan Ericsson 40 1 2 2
2 Dmitri Kalinin Sergei Zubov 30 1 2 2
3 Richard Matvichuk Roman Hamrlik 20 1 2 2
4 Sergei Zubov Chris Pronger 10 1 2 2
PowerPlay Forward
Center Left Wing Right Wing Time % Phy DF OF
1 Sydney Crosby Ramzi Abid Marian Hossa 60 1 2 2
2 Doug Weight Chris Kunitz Peter Prucha 40 1 2 2
PowerPlay Defense
Defense Defense Time % Phy DF OF
1 Sergei Zubov Roman Hamrlik 60 1 2 2
2 Dmitri Kalinin Chris Pronger 40 1 2 2
Penalty Kill 4 Players Forward
Center Wing Time % Phy DF OF
1 Doug Weight Ramzi Abid 60 1 2 2
2 Sydney Crosby Marian Hossa 40 1 2 2
Penalty Kill 4 Players Defense
Defense Defense Time % Phy DF OF
1 Sergei Zubov Dmitri Kalinin 60 1 2 2
2 Chris Pronger Roman Hamrlik 40 1 2 2
Penalty Kill - 3 Players Forward
Forward Time % Phy DF OF
1 Doug Weight 60 1 2 2
2 Sydney Crosby 40 1 2 2
Penalty Kill - 3 Players Defense
Defense Defense Time % Phy DF OF
1 Sergei Zubov Chris Pronger 60 1 2 2
2 Dmitri Kalinin Roman Hamrlik 40 1 2 2
4 vs 4 Forward
Center Wing Time % Phy DF OF
1 Doug Weight Marian Hossa 60 1 2 2
2 Sydney Crosby Ramzi Abid 40 1 2 2
4 vs 4 Defense
Defense Defense Time % Phy DF OF
1 Sergei Zubov Dmitri Kalinin 60 1 2 2
2 Chris Pronger Roman Hamrlik 40 1 2 2
Last Minutes Offensive
Center Left Wing Right Wing Defense Defense
Sydney Crosby Ramzi Abid Marian Hossa Sergei Zubov Chris Pronger
Last Minutes Defensive
Center Left Wing Right Wing Defense Defense
Sydney Crosby Ramzi Abid Marian Hossa Sergei Zubov Chris Pronger
Goaltenders
Starting : Ryan Miller
Backup : Maxime Daigneault
Extra Forwards
Normal : Olli Jokinen, Josef Vasicek, Peter Prucha - PP : Olli Jokinen, Josef Vasicek - PK : Peter Prucha
Extra Defensemen
Normal : Richard Matvichuk, Jonathan Ericsson, Dmitri Kalinin - PP : Richard Matvichuk - PK : Jonathan Ericsson, Dmitri Kalinin
Penalty Shots
Marian Hossa, Sydney Crosby, George Parros, Doug Weight, Olli Jokinen
Flyers
5 vs 5 Forward
Center Left Wing Right Wing Time % Phy DF OF
1 Marc Savard Simon Gagné Miroslav Satan 40 1 2 2
2 Jeff O'Neill Mark Bell Radek Dvorak 30 1 2 2
3 Kyle Wellwood Andrei Kostitsyn Martin Erat 20 1 2 2
4 Marcel Goc Loui Eriksson Marc Savard 10 1 2 2
5 vs 5 Defense
Defense Defense Time % Phy DF OF
1 Steve Montador Brian Campbell 40 1 2 2
2 Brooks Orpik Ed Jovanovski 30 1 2 2
3 Nolan Pratt Matt Jones 20 1 2 2
4 Steve Montador Brian Campbell 10 1 2 2
PowerPlay Forward
Center Left Wing Right Wing Time % Phy DF OF
1 Marc Savard Simon Gagné Miroslav Satan 60 1 2 2
2 Jeff O'Neill Mark Bell Radek Dvorak 40 1 2 2
PowerPlay Defense
Defense Defense Time % Phy DF OF
1 Steve Montador Brian Campbell 60 1 2 2
2 Brooks Orpik Ed Jovanovski 40 1 2 2
Penalty Kill 4 Players Forward
Center Wing Time % Phy DF OF
1 Marc Savard Simon Gagné 60 1 2 2
2 Jeff O'Neill Miroslav Satan 40 1 2 2
Penalty Kill 4 Players Defense
Defense Defense Time % Phy DF OF
1 Steve Montador Brian Campbell 60 1 2 2
2 Brooks Orpik Ed Jovanovski 40 1 2 2
Penalty Kill - 3 Players Forward
Forward Time % Phy DF OF
1 Marc Savard 60 1 2 2
2 Simon Gagné 40 1 2 2
Penalty Kill - 3 Players Defense
Defense Defense Time % Phy DF OF
1 Steve Montador Brian Campbell 60 1 2 2
2 Brooks Orpik Ed Jovanovski 40 1 2 2
4 vs 4 Forward
Center Wing Time % Phy DF OF
1 Marc Savard Simon Gagné 60 1 2 2
2 Jeff O'Neill Miroslav Satan 40 1 2 2
4 vs 4 Defense
Defense Defense Time % Phy DF OF
1 Steve Montador Brian Campbell 60 1 2 2
2 Brooks Orpik Ed Jovanovski 40 1 2 2
Last Minutes Offensive
Center Left Wing Right Wing Defense Defense
Marc Savard Simon Gagné Miroslav Satan Steve Montador Brian Campbell
Last Minutes Defensive
Center Left Wing Right Wing Defense Defense
Marc Savard Simon Gagné Miroslav Satan Steve Montador Brian Campbell
Goaltenders
Starting : Jocelyn Thibault
Backup : Ray Emery
Extra Forwards
Normal : Kyle Wellwood, Andrei Kostitsyn, Loui Eriksson - PP : Kyle Wellwood, Andrei Kostitsyn - PK : Loui Eriksson
Extra Defensemen
Normal : Nolan Pratt, Matt Jones, Brooks Orpik - PP : Nolan Pratt - PK : Matt Jones, Brooks Orpik
Penalty Shots
Marc Savard, Simon Gagné, Jeff O'Neill, Miroslav Satan, Mark Bell
% Time on Ice - Devils
Lines # - Real PCT - Wanted PCT - Time Play
Normal Forward
1 - 34% - 40% - 14:48
2 - 30% - 30% - 13:21
3 - 19% - 20% - 8:25
4 - 17% - 10% - 7:34
Normal Defense
1 - 41% - 40% - 18:07
2 - 33% - 30% - 14:21
3 - 24% - 20% - 10:24
4 - 3% - 10% - 1:16
PP Forward
1 - 48% - 60% - 2:53
2 - 52% - 40% - 3:04
PP Defense
1 - 65% - 60% - 3:51
2 - 35% - 40% - 2:06
PK Forward
1 - 71% - 60% - 5:40
2 - 29% - 40% - 2:16
PK Defense
1 - 66% - 60% - 5:16
2 - 34% - 40% - 2:40
PK3 Forward
1 - 0% - 60%
2 - 0% - 40%
PK3 Defense
1 - 0% - 60%
2 - 0% - 40%
44 Forward
1 - 86% - 60% - 1:42
2 - 14% - 40% - 0:17
44 Defense
1 - 86% - 60% - 1:42
2 - 14% - 40% - 0:17
Last Minute Offensive - 0:00
Last Minute Defensive - 0:00
Total
Forward - 60:00
Defense - 60:00
|
% Time on Ice - Flyers
Lines # - Real PCT - Wanted PCT - Time Play
Normal Forward
1 - 30% - 40% - 13:25
2 - 34% - 30% - 15:09
3 - 25% - 20% - 11:10
4 - 10% - 10% - 4:24
Normal Defense
1 - 39% - 40% - 17:21
2 - 35% - 30% - 15:21
3 - 22% - 20% - 9:44
4 - 4% - 10% - 1:42
PP Forward
1 - 57% - 60% - 4:33
2 - 43% - 40% - 3:23
PP Defense
1 - 57% - 60% - 4:33
2 - 43% - 40% - 3:23
PK Forward
1 - 86% - 60% - 5:06
2 - 14% - 40% - 0:51
PK Defense
1 - 50% - 60% - 2:59
2 - 50% - 40% - 2:58
PK3 Forward
1 - 0% - 60%
2 - 0% - 40%
PK3 Defense
1 - 0% - 60%
2 - 0% - 40%
44 Forward
1 - 87% - 60% - 1:43
2 - 13% - 40% - 0:16
44 Defense
1 - 78% - 60% - 1:33
2 - 22% - 40% - 0:26
Last Minute Offensive - 0:00
Last Minute Defensive - 0:00
Total
Forward - 60:00
Defense - 60:00
|
Play by Play
1st period
0:01 of 1st period - Sydney Crosby wins face-off versus Marc Savard in neutral zone.
0:06 of 1st period - Slapshot by Sydney Crosby.
0:06 of 1st period - Stopped by Jocelyn Thibault with a rebound.
0:08 of 1st period - Slapshot by Jonathan Ericsson.
0:08 of 1st period - Shot Misses the Net.
0:10 of 1st period - Slapshot by Jonathan Ericsson.
0:10 of 1st period - Shot Misses the Net.
0:23 of 1st period - Icing by Brian Campbell.
0:24 of 1st period - Olli Jokinen wins face-off versus Marc Savard in Flyers zone.
0:53 of 1st period - Slapshot by Jeff O'Neill.
0:53 of 1st period - Shot Misses the Net.
0:59 of 1st period - Wrist shot by Jeff O'Neill.
0:59 of 1st period - Stopped by Ryan Miller without a rebound.
1:00 of 1st period - Raffi Torres wins face-off versus Kyle Wellwood in Devils zone.
1:05 of 1st period - Wrist shot by Richard Matvichuk.
1:05 of 1st period - Deflect By Raffi Torres.
1:05 of 1st period - Stopped by Jocelyn Thibault with a rebound.
1:07 of 1st period - Slapshot by Richard Matvichuk.
1:07 of 1st period - Deflect By Doug Weight.
1:07 of 1st period - Stopped by Jocelyn Thibault with a rebound.
1:11 of 1st period - Slapshot by Doug Weight.
1:11 of 1st period - Stopped by Jocelyn Thibault with a rebound.
1:13 of 1st period - Snap shot by Doug Weight.
1:13 of 1st period - Shot Misses the Net.
1:15 of 1st period - Snap shot by Roman Hamrlik.
1:15 of 1st period - Deflect By Ed Jovanovski.
1:15 of 1st period - Stopped by Jocelyn Thibault without a rebound.
1:16 of 1st period - Marcel Goc wins face-off versus Sydney Crosby in Flyers zone.
1:22 of 1st period - Minor Penalty to Matt Jones for Close Hand On Puck.
1:23 of 1st period - Sydney Crosby wins face-off versus Marc Savard in Flyers zone.
1:24 of 1st period - Slapshot by Sergei Zubov.
1:24 of 1st period - Shot Blocked by Brian Campbell.
3:22 of 1st period - Penalty to Matt Jones is over, Matt Jones is back on ice.
3:33 of 1st period - Snap shot by Lee Stempniak.
3:33 of 1st period - Shot Misses the Net.
3:35 of 1st period - Snap shot by Josef Vasicek.
3:35 of 1st period - Stopped by Jocelyn Thibault with a rebound.
3:37 of 1st period - Slapshot by Olli Jokinen.
3:37 of 1st period - Deflect By Matt Jones.
3:37 of 1st period - Shot Blocked by Ed Jovanovski.
3:37 of 1st period - Puck is out of play.
3:38 of 1st period - Jeff O'Neill wins face-off versus Olli Jokinen in Flyers zone.
4:28 of 1st period - Slapshot by Sergei Zubov.
4:28 of 1st period - Deflect By George Parros.
4:28 of 1st period - Shot Misses the Net.
4:28 of 1st period - Puck is out of play.
4:29 of 1st period - Marc Savard wins face-off versus Chris Kunitz in Flyers zone.
4:34 of 1st period - Dmitri Kalinin is hit by Miroslav Satan and loses puck.
4:43 of 1st period - Wrist shot by Simon Gagné.
4:43 of 1st period - Shot Blocked by Dmitri Kalinin.
4:45 of 1st period - Wrist shot by Marc Savard.
4:45 of 1st period - Shot Misses the Net.
5:20 of 1st period - Jonathan Ericsson is hit by Steve Montador and loses puck.
5:38 of 1st period - Snap shot by Marc Savard.
5:38 of 1st period - Shot Blocked by Doug Weight.
5:40 of 1st period - Wrist shot by Loui Eriksson.
5:40 of 1st period - Shot Misses the Net.
5:42 of 1st period - Wrist shot by Marc Savard.
5:42 of 1st period - Shot Misses the Net.
5:44 of 1st period - Slapshot by Marc Savard.
5:44 of 1st period - Stopped by Ryan Miller without a rebound.
5:45 of 1st period - Sydney Crosby wins face-off versus Jeff O'Neill in Devils zone.
6:32 of 1st period - Wrist shot by Andrei Kostitsyn.
6:32 of 1st period - Stopped by Ryan Miller without a rebound.
6:33 of 1st period - Kyle Wellwood wins face-off versus Olli Jokinen in Devils zone.
6:34 of 1st period - Snap shot by Andrei Kostitsyn.
6:34 of 1st period - Shot Misses the Net.
7:08 of 1st period - Snap shot by Miroslav Satan.
7:08 of 1st period - Stopped by Ryan Miller without a rebound.
7:09 of 1st period - Olli Jokinen wins face-off versus Jeff O'Neill in Devils zone.
8:05 of 1st period - Snap shot by Martin Erat.
8:05 of 1st period - Shot Misses the Net.
8:15 of 1st period - Wrist shot by Chris Kunitz.
8:15 of 1st period - Stopped by Jocelyn Thibault without a rebound.
8:16 of 1st period - Marcel Goc wins face-off versus Doug Weight in Flyers zone.
8:21 of 1st period - Slapshot by Chris Pronger.
8:21 of 1st period - Deflect By Doug Weight.
8:21 of 1st period - Shot Misses the Net.
8:21 of 1st period - Puck is out of play.
8:22 of 1st period - Marc Savard wins face-off versus Doug Weight in Flyers zone.
8:52 of 1st period - Doug Weight is hit by Martin Erat and loses puck.
9:09 of 1st period - Wrist shot by Doug Weight.
9:09 of 1st period - Stopped by Jocelyn Thibault with a rebound.
9:11 of 1st period - Wrist shot by Jonathan Ericsson.
9:11 of 1st period - Shot Blocked by Matt Jones.
9:13 of 1st period - Slapshot by Doug Weight.
9:13 of 1st period - Shot Misses the Net.
9:15 of 1st period - Snap shot by Doug Weight.
9:15 of 1st period - Deflect By George Parros.
9:15 of 1st period - Shot Hit the Post.
9:15 of 1st period - Puck is out of play.
9:16 of 1st period - Jeff O'Neill wins face-off versus Sydney Crosby in Flyers zone.
9:16 of 1st period - Jeff O'Neill is hit by Sergei Zubov.
9:32 of 1st period - Wrist shot by Mark Bell.
9:32 of 1st period - Stopped by Ryan Miller with a rebound.
9:41 of 1st period - Icing by Steve Montador.
9:42 of 1st period - Marc Savard wins face-off versus Olli Jokinen in Flyers zone.
10:10 of 1st period - Jeff O'Neill is hit by Marian Hossa and loses puck.
11:11 of 1st period - Wrist shot by Ramzi Abid.
11:11 of 1st period - Shot Blocked by Ed Jovanovski.
11:13 of 1st period - Slapshot by Chris Pronger.
11:13 of 1st period - Stopped by Jocelyn Thibault without a rebound.
11:14 of 1st period - Olli Jokinen wins face-off versus Radek Dvorak in Flyers zone.
11:54 of 1st period - Chris Pronger is hit by Kyle Wellwood.
11:58 of 1st period - Martin Erat is hit by Sydney Crosby and loses puck.
12:04 of 1st period - Off-side.
12:05 of 1st period - Marc Savard wins face-off versus Josef Vasicek in neutral zone.
12:08 of 1st period - Slapshot by Marc Savard.
12:08 of 1st period - Stopped by Ryan Miller without a rebound.
12:09 of 1st period - Josef Vasicek wins face-off versus Marc Savard in Devils zone.
12:09 of 1st period - Josef Vasicek is hit by Simon Gagné.
12:17 of 1st period - Steve Montador is hit by Peter Prucha and loses puck.
12:44 of 1st period - Snap shot by Martin Erat.
12:44 of 1st period - Stopped by Ryan Miller without a rebound.
12:45 of 1st period - Sydney Crosby wins face-off versus Marc Savard in Devils zone.
13:00 of 1st period - Wrist shot by Marian Hossa.
13:00 of 1st period - Stopped by Jocelyn Thibault with a rebound.
13:14 of 1st period - Wrist shot by Sydney Crosby.
13:14 of 1st period - Stopped by Jocelyn Thibault with a rebound.
13:42 of 1st period - Snap shot by Martin Erat.
13:42 of 1st period - Shot Misses the Net.
14:05 of 1st period - Minor Penalty to Chris Kunitz for Holding Stick.
14:06 of 1st period - Marc Savard wins face-off versus Doug Weight in Devils zone.
14:38 of 1st period - Off-side.
14:39 of 1st period - Marc Savard wins face-off versus Doug Weight in neutral zone.
15:05 of 1st period - Marc Savard is hit by Marian Hossa and loses puck.
16:05 of 1st period - Penalty to Chris Kunitz is over, Chris Kunitz is back on ice.
16:20 of 1st period - Off-side.
16:21 of 1st period - Kyle Wellwood wins face-off versus Benoit Pouliot in neutral zone.
16:24 of 1st period - Slapshot by Andrei Kostitsyn.
16:24 of 1st period - Shot Blocked by Richard Matvichuk.
16:26 of 1st period - Snap shot by Matt Jones.
16:26 of 1st period - Stopped by Ryan Miller with a rebound.
16:28 of 1st period - Slapshot by Nolan Pratt.
16:28 of 1st period - Goal by Nolan Pratt - Devils : 0 - Flyers : 1.
16:29 of 1st period - Miroslav Satan wins face-off versus Sydney Crosby in neutral zone.
16:32 of 1st period - Snap shot by Simon Gagné.
16:32 of 1st period - Stopped by Ryan Miller with a rebound.
16:34 of 1st period - Slapshot by Steve Montador.
16:34 of 1st period - Stopped by Ryan Miller without a rebound.
16:35 of 1st period - Sydney Crosby wins face-off versus Marc Savard in Devils zone.
16:35 of 1st period - Sydney Crosby is hit by Marc Savard.
16:41 of 1st period - Slapshot by Benoit Pouliot.
16:41 of 1st period - Stopped by Jocelyn Thibault with a rebound.
16:47 of 1st period - Wrist shot by Marc Savard.
16:47 of 1st period - Shot Misses the Net.
17:27 of 1st period - Snap shot by Andrei Kostitsyn.
17:27 of 1st period - Stopped by Ryan Miller without a rebound.
17:28 of 1st period - Kyle Wellwood wins face-off versus Sydney Crosby in Devils zone.
17:45 of 1st period - Snap shot by Andrei Kostitsyn.
17:45 of 1st period - Shot Misses the Net.
18:01 of 1st period - Kyle Wellwood is hit by Chris Kunitz and loses puck.
18:06 of 1st period - Snap shot by Chris Kunitz.
18:06 of 1st period - Shot Misses the Net.
18:08 of 1st period - Wrist shot by Roman Hamrlik.
18:08 of 1st period - Stopped by Jocelyn Thibault with a rebound.
18:10 of 1st period - Slapshot by Roman Hamrlik.
18:10 of 1st period - Deflect By Brooks Orpik.
18:10 of 1st period - Stopped by Jocelyn Thibault without a rebound.
18:11 of 1st period - Marc Savard wins face-off versus Ramzi Abid in Flyers zone.
19:42 of 1st period - Wrist shot by Lee Stempniak.
19:42 of 1st period - Shot Misses the Net.
2nd period
0:01 of 2nd period - Sydney Crosby wins face-off versus Miroslav Satan in neutral zone.
0:16 of 2nd period - Wrist shot by Miroslav Satan.
0:16 of 2nd period - Shot Misses the Net.
0:29 of 2nd period - Sergei Zubov is hit by Brian Campbell and loses puck.
1:21 of 2nd period - Brian Campbell is hit by Doug Weight and loses puck.
2:30 of 2nd period - Marc Savard is hit by Josef Vasicek and loses puck.
3:29 of 2nd period - Slapshot by Benoit Pouliot.
3:29 of 2nd period - Stopped by Jocelyn Thibault with a rebound.
3:31 of 2nd period - Slapshot by Richard Matvichuk.
3:31 of 2nd period - Deflect By Matt Jones.
3:31 of 2nd period - Stopped by Jocelyn Thibault without a rebound.
3:32 of 2nd period - Jeff O'Neill wins face-off versus Olli Jokinen in Flyers zone.
3:32 of 2nd period - Jeff O'Neill is hit by Lee Stempniak.
3:42 of 2nd period - Slapshot by Ramzi Abid.
3:42 of 2nd period - Stopped by Jocelyn Thibault without a rebound.
3:43 of 2nd period - Marc Savard wins face-off versus Olli Jokinen in Flyers zone.
3:58 of 2nd period - Wrist shot by Ramzi Abid.
3:58 of 2nd period - Stopped by Jocelyn Thibault with a rebound.
4:20 of 2nd period - Wrist shot by Josef Vasicek.
4:20 of 2nd period - Shot Misses the Net.
4:36 of 2nd period - Snap shot by Martin Erat.
4:36 of 2nd period - Shot Blocked by Chris Pronger.
4:38 of 2nd period - Slapshot by Brooks Orpik.
4:38 of 2nd period - Deflect By Andrei Kostitsyn.
4:38 of 2nd period - Stopped by Ryan Miller with a rebound.
4:40 of 2nd period - Snap shot by Martin Erat.
4:40 of 2nd period - Stopped by Ryan Miller with a rebound.
4:42 of 2nd period - Snap shot by Andrei Kostitsyn.
4:42 of 2nd period - Stopped by Ryan Miller with a rebound.
4:58 of 2nd period - Brooks Orpik is hit by Sydney Crosby and loses puck.
5:56 of 2nd period - Ed Jovanovski is hit by Sydney Crosby and loses puck.
6:03 of 2nd period - Snap shot by Benoit Pouliot.
6:03 of 2nd period - Shot Blocked by Marc Savard.
6:20 of 2nd period - Backhand shot by Brian Campbell.
6:20 of 2nd period - Shot Misses the Net.
6:40 of 2nd period - Ramzi Abid is hit by Steve Montador and loses puck.
6:53 of 2nd period - Slapshot by Simon Gagné.
6:53 of 2nd period - Deflect By Miroslav Satan.
6:53 of 2nd period - Shot Blocked by Olli Jokinen.
6:53 of 2nd period - Puck is out of play.
6:54 of 2nd period - Sydney Crosby wins face-off versus Kyle Wellwood in Devils zone.
8:34 of 2nd period - Richard Matvichuk is hit by Jeff O'Neill and loses puck.
8:53 of 2nd period - Martin Erat is hit by Roman Hamrlik and loses puck.
9:06 of 2nd period - Kyle Wellwood is hit by Chris Pronger and loses puck.
9:11 of 2nd period - Snap shot by Chris Kunitz.
9:11 of 2nd period - Shot Misses the Net.
9:27 of 2nd period - Minor Penalty to Marian Hossa for Roughing.
9:28 of 2nd period - Doug Weight wins face-off versus Marc Savard in Devils zone.
9:28 of 2nd period - Doug Weight is hit by Simon Gagné.
9:44 of 2nd period - Snap shot by Marc Savard.
9:44 of 2nd period - Shot Blocked by Ramzi Abid.
10:08 of 2nd period - Wrist shot by Mark Bell.
10:08 of 2nd period - Stopped by Ryan Miller with a rebound.
10:10 of 2nd period - Slapshot by Radek Dvorak.
10:10 of 2nd period - Deflect By Roman Hamrlik.
10:10 of 2nd period - Shot Blocked by Roman Hamrlik.
10:10 of 2nd period - Puck is out of play.
10:11 of 2nd period - Doug Weight wins face-off versus Marc Savard in Devils zone.
10:11 of 2nd period - Doug Weight is hit by Brooks Orpik.
10:20 of 2nd period - Off-side.
10:21 of 2nd period - Doug Weight wins face-off versus Marc Savard in neutral zone.
11:27 of 2nd period - Penalty to Marian Hossa is over, Marian Hossa is back on ice.
11:37 of 2nd period - Slapshot by Andrei Kostitsyn.
11:37 of 2nd period - Shot Blocked by Dmitri Kalinin.
11:39 of 2nd period - Slapshot by Andrei Kostitsyn.
11:39 of 2nd period - Shot Misses the Net.
11:41 of 2nd period - Slapshot by Brian Campbell.
11:41 of 2nd period - Shot Blocked by Dmitri Kalinin.
11:43 of 2nd period - Snap shot by Kyle Wellwood.
11:43 of 2nd period - Stopped by Ryan Miller without a rebound.
11:44 of 2nd period - Jeff O'Neill wins face-off versus Josef Vasicek in Devils zone.
12:22 of 2nd period - Chris Pronger is hit by Miroslav Satan and loses puck.
12:41 of 2nd period - Wrist shot by Marian Hossa.
12:41 of 2nd period - Stopped by Jocelyn Thibault without a rebound.
12:42 of 2nd period - Sydney Crosby wins face-off versus Marc Savard in Flyers zone.
13:29 of 2nd period - Sergei Zubov is hit by Jeff O'Neill and loses puck.
13:54 of 2nd period - Peter Prucha is hit by Marc Savard and loses puck.
14:01 of 2nd period - Miroslav Satan is hit by Peter Prucha and loses puck.
14:37 of 2nd period - Off-side.
14:38 of 2nd period - Jeff O'Neill wins face-off versus Olli Jokinen in neutral zone.
14:45 of 2nd period - Slapshot by Steve Montador.
14:45 of 2nd period - Deflect By Radek Dvorak.
14:45 of 2nd period - Shot Misses the Net.
14:45 of 2nd period - Puck is out of play.
14:46 of 2nd period - Sydney Crosby wins face-off versus Jeff O'Neill in Devils zone.
14:46 of 2nd period - Sydney Crosby is hit by Radek Dvorak.
15:24 of 2nd period - Steve Montador is hit by Lee Stempniak and loses puck.
15:58 of 2nd period - Icing by Andrei Kostitsyn.
15:59 of 2nd period - Doug Weight wins face-off versus Kyle Wellwood in Flyers zone.
16:02 of 2nd period - Snap shot by Raffi Torres.
16:02 of 2nd period - Shot Misses the Net.
16:21 of 2nd period - Minor Penalty to Miroslav Satan for Holding.
16:21 of 2nd period - Minor Penalty to Richard Matvichuk for Holding.
16:22 of 2nd period - Doug Weight wins face-off versus Marc Savard in neutral zone.
16:30 of 2nd period - Icing by Simon Gagné.
16:31 of 2nd period - Marc Savard wins face-off versus Doug Weight in Flyers zone.
16:56 of 2nd period - Wrist shot by Marian Hossa.
16:56 of 2nd period - Shot Misses the Net.
16:58 of 2nd period - Snap shot by Sergei Zubov.
16:58 of 2nd period - Goal by Sergei Zubov - Devils : 1 - Flyers : 1.
16:59 of 2nd period - Doug Weight wins face-off versus Marc Savard in neutral zone.
17:10 of 2nd period - Backhand shot by Sergei Zubov.
17:10 of 2nd period - Shot Blocked by Steve Montador.
17:12 of 2nd period - Slapshot by Dmitri Kalinin.
17:12 of 2nd period - Stopped by Jocelyn Thibault without a rebound.
17:13 of 2nd period - Doug Weight wins face-off versus Marc Savard in Flyers zone.
17:26 of 2nd period - Slapshot by Marc Savard.
17:26 of 2nd period - Deflect By Dmitri Kalinin.
17:26 of 2nd period - Shot Misses the Net.
17:26 of 2nd period - Puck is out of play.
17:27 of 2nd period - Marc Savard wins face-off versus Marian Hossa in Devils zone.
17:32 of 2nd period - Snap shot by Marc Savard.
17:32 of 2nd period - Shot Misses the Net.
18:00 of 2nd period - Doug Weight is hit by Simon Gagné.
18:21 of 2nd period - Penalty to Miroslav Satan is over, Miroslav Satan is back on ice.
18:21 of 2nd period - Penalty to Richard Matvichuk is over, Richard Matvichuk is back on ice.
18:40 of 2nd period - Richard Matvichuk is hit by Kyle Wellwood and loses puck.
19:07 of 2nd period - Slapshot by Sydney Crosby.
19:07 of 2nd period - Stopped by Jocelyn Thibault with a rebound.
19:39 of 2nd period - Snap shot by Chris Pronger.
19:39 of 2nd period - Shot Misses the Net.
3rd period
0:01 of 3rd period - Marc Savard wins face-off versus Sydney Crosby in neutral zone.
0:14 of 3rd period - Snap shot by Miroslav Satan.
0:14 of 3rd period - Stopped by Ryan Miller with a rebound.
0:16 of 3rd period - Slapshot by Miroslav Satan.
0:16 of 3rd period - Flyers goal is going for a video replay.
0:16 of 3rd period - The goal is good.
0:16 of 3rd period - Goal by Miroslav Satan - Devils : 1 - Flyers : 2.
0:17 of 3rd period - Marc Savard wins face-off versus Sydney Crosby in neutral zone.
0:23 of 3rd period - Minor Penalty to Sydney Crosby for Interference.
0:24 of 3rd period - Marc Savard wins face-off versus Ramzi Abid in Devils zone.
0:49 of 3rd period - Ramzi Abid is hit by Jeff O'Neill and loses puck.
2:23 of 3rd period - Penalty to Sydney Crosby is over, Sydney Crosby is back on ice.
3:09 of 3rd period - Snap shot by Doug Weight.
3:09 of 3rd period - Shot Misses the Net.
3:11 of 3rd period - Slapshot by George Parros.
3:11 of 3rd period - Stopped by Jocelyn Thibault without a rebound.
3:12 of 3rd period - Marcel Goc wins face-off versus Sydney Crosby in Flyers zone.
3:22 of 3rd period - Snap shot by Benoit Pouliot.
3:22 of 3rd period - Stopped by Jocelyn Thibault without a rebound.
3:23 of 3rd period - Marc Savard wins face-off versus Olli Jokinen in Flyers zone.
3:36 of 3rd period - Matt Jones is hit by Dmitri Kalinin and loses puck.
3:59 of 3rd period - Slapshot by Jeff O'Neill.
3:59 of 3rd period - Stopped by Ryan Miller without a rebound.
4:00 of 3rd period - Sydney Crosby wins face-off versus Marc Savard in Devils zone.
4:00 of 3rd period - Sydney Crosby is hit by Steve Montador.
4:14 of 3rd period - Snap shot by Sydney Crosby.
4:14 of 3rd period - Shot Blocked by Marc Savard.
4:26 of 3rd period - Lee Stempniak is hit by Mark Bell and loses puck.
4:37 of 3rd period - Snap shot by Radek Dvorak.
4:37 of 3rd period - Stopped by Ryan Miller without a rebound.
4:38 of 3rd period - Marc Savard wins face-off versus Sydney Crosby in Devils zone.
4:53 of 3rd period - Snap shot by Sydney Crosby.
4:53 of 3rd period - Goal by Sydney Crosby - Devils : 2 - Flyers : 2.
4:54 of 3rd period - Sydney Crosby wins face-off versus Marc Savard in neutral zone.
5:06 of 3rd period - Minor Penalty to Simon Gagné for Hooking.
5:07 of 3rd period - Sydney Crosby wins face-off versus Marc Savard in Flyers zone.
5:32 of 3rd period - Doug Weight is hit by Brian Campbell and loses puck.
5:39 of 3rd period - Marc Savard is hit by Sergei Zubov and loses puck.
6:37 of 3rd period - Icing by Marian Hossa.
6:38 of 3rd period - Loui Eriksson wins face-off versus Doug Weight in Devils zone.
7:03 of 3rd period - Brooks Orpik is hit by Roman Hamrlik and loses puck.
7:06 of 3rd period - Penalty to Simon Gagné is over, Simon Gagné is back on ice.
7:14 of 3rd period - Slapshot by Ed Jovanovski.
7:14 of 3rd period - Shot Blocked by Raffi Torres.
7:16 of 3rd period - Snap shot by Jeff O'Neill.
7:16 of 3rd period - Shot Misses the Net.
7:18 of 3rd period - Slapshot by Ed Jovanovski.
7:18 of 3rd period - Shot Blocked by Chris Pronger.
7:20 of 3rd period - Backhand shot by Mark Bell.
7:20 of 3rd period - Stopped by Ryan Miller without a rebound.
7:21 of 3rd period - Jeff O'Neill wins face-off versus Josef Vasicek in Devils zone.
8:09 of 3rd period - Ramzi Abid is hit by Martin Erat and loses puck.
9:07 of 3rd period - Marc Savard is hit by Benoit Pouliot.
9:25 of 3rd period - Martin Erat is hit by Chris Kunitz.
10:12 of 3rd period - Snap shot by Radek Dvorak.
10:12 of 3rd period - Stopped by Ryan Miller without a rebound.
10:13 of 3rd period - Jeff O'Neill wins face-off versus Doug Weight in Devils zone.
10:16 of 3rd period - Slapshot by Mark Bell.
10:16 of 3rd period - Shot Misses the Net.
10:18 of 3rd period - Slapshot by Brian Campbell.
10:18 of 3rd period - Stopped by Ryan Miller with a rebound.
10:20 of 3rd period - Slapshot by Brian Campbell.
10:20 of 3rd period - Shot Blocked by Raffi Torres.
10:22 of 3rd period - Slapshot by Brian Campbell.
10:22 of 3rd period - Shot Blocked by Jonathan Ericsson.
10:24 of 3rd period - Snap shot by Radek Dvorak.
10:24 of 3rd period - Shot Misses the Net.
10:26 of 3rd period - Slapshot by Steve Montador.
10:26 of 3rd period - Stopped by Ryan Miller with a rebound.
11:01 of 3rd period - Slapshot by Steve Montador.
11:01 of 3rd period - Shot Misses the Net.
11:05 of 3rd period - Wrist shot by Mark Bell.
11:05 of 3rd period - Shot Misses the Net.
11:07 of 3rd period - Backhand shot by Jeff O'Neill.
11:07 of 3rd period - Shot Misses the Net.
11:09 of 3rd period - Slapshot by Steve Montador.
11:09 of 3rd period - Shot Blocked by Jonathan Ericsson.
11:11 of 3rd period - Snap shot by Radek Dvorak.
11:11 of 3rd period - Stopped by Ryan Miller with a rebound.
11:13 of 3rd period - Slapshot by Mark Bell.
11:13 of 3rd period - Stopped by Ryan Miller with a rebound.
11:15 of 3rd period - Backhand shot by Steve Montador.
11:15 of 3rd period - Stopped by Ryan Miller with a rebound.
11:17 of 3rd period - Snap shot by Mark Bell.
11:17 of 3rd period - Stopped by Ryan Miller with a rebound.
11:19 of 3rd period - Wrist shot by Radek Dvorak.
11:19 of 3rd period - Stopped by Ryan Miller without a rebound.
11:20 of 3rd period - Benoit Pouliot wins face-off versus Marc Savard in Devils zone.
11:31 of 3rd period - Slapshot by Sydney Crosby.
11:31 of 3rd period - Goal by Sydney Crosby - Devils : 3 - Flyers : 2.
11:32 of 3rd period - Sydney Crosby wins face-off versus Marc Savard in neutral zone.
11:45 of 3rd period - Wrist shot by Marian Hossa.
11:45 of 3rd period - Shot Misses the Net.
11:47 of 3rd period - Slapshot by Dmitri Kalinin.
11:47 of 3rd period - Stopped by Jocelyn Thibault with a rebound.
12:21 of 3rd period - Slapshot by Marc Savard.
12:21 of 3rd period - Deflect By Ramzi Abid.
12:21 of 3rd period - Shot Blocked by Jonathan Ericsson.
12:21 of 3rd period - Puck is out of play.
12:22 of 3rd period - Sydney Crosby wins face-off versus Mark Bell in Devils zone.
12:34 of 3rd period - Snap shot by Benoit Pouliot.
12:34 of 3rd period - Goal by Benoit Pouliot - Devils : 4 - Flyers : 2.
12:35 of 3rd period - Marc Savard wins face-off versus Sydney Crosby in neutral zone.
13:04 of 3rd period - Off-side.
13:05 of 3rd period - Jeff O'Neill wins face-off versus Sydney Crosby in neutral zone.
13:30 of 3rd period - Olli Jokinen is hit by Miroslav Satan and loses puck.
13:49 of 3rd period - Wrist shot by Andrei Kostitsyn.
13:49 of 3rd period - Stopped by Ryan Miller with a rebound.
13:52 of 3rd period - Minor Penalty to Chris Kunitz for Goalie Interference.
13:53 of 3rd period - Doug Weight wins face-off versus Marc Savard in Devils zone.
15:39 of 3rd period - Snap shot by Sydney Crosby.
15:39 of 3rd period - Shot Blocked by Mark Bell.
15:52 of 3rd period - Penalty to Chris Kunitz is over, Chris Kunitz is back on ice.
17:29 of 3rd period - Minor Penalty to Marc Savard for Hooking.
17:30 of 3rd period - Doug Weight wins face-off versus Loui Eriksson in Flyers zone.
17:41 of 3rd period - Sergei Zubov is hit by Brooks Orpik and loses puck.
18:02 of 3rd period - Slapshot by Sergei Zubov.
18:02 of 3rd period - Shot Blocked by Simon Gagné.
18:04 of 3rd period - Slapshot by Sergei Zubov.
18:04 of 3rd period - Stopped by Jocelyn Thibault with a rebound.
18:06 of 3rd period - Snap shot by Sydney Crosby.
18:06 of 3rd period - Deflect By Marian Hossa.
18:06 of 3rd period - Shot Misses the Net.
18:06 of 3rd period - Puck is out of play.
18:07 of 3rd period - Jeff O'Neill wins face-off versus Sydney Crosby in Flyers zone.
18:07 of 3rd period - Jeff O'Neill is hit by Sydney Crosby.
18:33 of 3rd period - Wrist shot by Doug Weight.
18:33 of 3rd period - Stopped by Jocelyn Thibault without a rebound.
18:34 of 3rd period - Doug Weight wins face-off versus Loui Eriksson in Flyers zone.
18:57 of 3rd period - Slapshot by Sergei Zubov.
18:57 of 3rd period - Shot Hit the Post.
19:13 of 3rd period - Snap shot by Doug Weight.
19:13 of 3rd period - Shot Blocked by Brooks Orpik.
19:15 of 3rd period - Snap shot by Peter Prucha.
19:15 of 3rd period - Stopped by Jocelyn Thibault without a rebound.
19:16 of 3rd period - Loui Eriksson wins face-off versus Sydney Crosby in Flyers zone.
19:29 of 3rd period - Penalty to Marc Savard is over, Marc Savard is back on ice.
19:31 of 3rd period - Snap shot by Sydney Crosby.
19:31 of 3rd period - Stopped by Jocelyn Thibault without a rebound.
19:32 of 3rd period - Olli Jokinen wins face-off versus Martin Erat in Flyers zone.
19:43 of 3rd period - Slapshot by Lee Stempniak.
19:43 of 3rd period - Stopped by Jocelyn Thibault without a rebound.
19:44 of 3rd period - Marcel Goc wins face-off versus Josef Vasicek in Flyers zone.
19:51 of 3rd period - Slapshot by Steve Montador.
19:51 of 3rd period - Stopped by Ryan Miller without a rebound.
19:52 of 3rd period - Josef Vasicek wins face-off versus Marcel Goc in Devils zone.
Output by the SimonT Hockey Simulator (STHS) for François Prévost -- Original Page W3C XHTML 1.0 Valid